 Dungeon Crawl Stone Soup version 0.25-a0-435-g4b9beb1024 (webtiles) character file.

Game seed: 354704856856808865, levelgen mode: deterministic

2023 dogaso222 the Cleaver (level 9, -5/74 HPs)
             Began as a Yellow Draconian Berserker on Jan 24, 2020.
             Was a Priest of Trog.
             Slain by a killer bee (9 damage)
             ... on level 7 of the Dungeon on Jan 25, 2020.
             The game lasted 00:45:12 (10953 turns).

dogaso222 the Cleaver (Yellow Draconian Berserker) Turns: 10953, Time: 00:45:12

Health: -5/74      AC: 10    Str: 23    XL:     9   Next: 3%
Magic:  9/9        EV: 13    Int:  8    God:    Trog [***...]
Gold:   156        SH:  4    Dex: 10    Spells: 8/8 levels left

rFire    . . .     SeeInvis +   a - +0 war axe
rCold    . . .     Gourm    .   s - +0 buckler
rNeg     . . .     Faith    .   (armour unavailable)
rPois    .         Spirit   .   (helmet restricted)
rElec    .         Reflect  .   r - +0 cloak
rCorr    +         Harm     .   (no gloves)
MR       +++..                  q - +1 pair of boots
Stlth    +.........             (no amulet)
HPRegen  1.22/turn              d - ring of see invisible
MPRegen  0.11/turn              v - ring of protection from magic

@: lethally poisoned (-5 -> -6), starving, regenerating
A: spit acid, unfitting armour, cold-blooded, acid resistance, AC +7
a: Breathe Acid, Berserk, Trog's Hand, Renounce Religion


You were on level 7 of the Dungeon.
You worshipped Trog.
Trog was most pleased with you.
You were starving.

You visited 2 branches of the dungeon, and saw 8 of its levels.

You collected 373 gold pieces.
You spent 217 gold pieces at shops.

Inventory:

Hand Weapons
 a - a +0 war axe (weapon)
 o - a +3 quarterstaff of chaos
Armour
 q - a +1 pair of boots (worn)
 r - a +0 cloak (worn)
 s - a +0 buckler (worn)
 x - a +0 plate armour
Jewellery
 d - a ring of see invisible (left hand)
 v - a ring of protection from magic (right hand)
Wands
 w - a wand of paralysis (4)
Scrolls
 e - 2 scrolls of fog
 h - a scroll of enchant armour
 i - 2 scrolls of amnesia {unknown}
 j - 5 scrolls of teleportation
 l - a scroll of blinking {unknown}
 y - a scroll of identify
Potions
 c - 2 potions of brilliance
 f - a potion of curing {unknown}
 k - a potion of magic {unknown}
 m - a potion of flight {unknown}
 n - 3 potions of ambrosia
 p - a potion of lignification {unknown}
 u - a potion of haste {unknown}
Comestibles
 b - 9 rations


   Skills:
 + Level 5.4 Fighting
 * Level 10.0 Axes
 + Level 5.0 Dodging
 * Level 3.0 Shields


You had 8 spell levels left.
You didn't know any spells.
Your spell library contained the following spells:

 Spells                   Type           Power        Failure   Level  Hunger
 Magic Dart               Conj           #...         43%         1    ##.....
 Blink                    Tloc           N/A          58%         2    ###....
 Call Imp                 Summ           #.......     58%         2    ###....
 Slow                     Hex            #.......     58%         2    ###....
 Conjure Flame            Conj/Fire      #.......     82%         3    ####...
 Mephitic Cloud           Conj/Pois/Air  #.......     82%         3    ####...


Dungeon Overview and Level Annotations

Branches:
Dungeon (7/15)             Temple (1/1) D:6

Altars:
Ashenzari
Cheibriados
Dithmenos
Elyvilon
Fedhas
Gozag
Hepliaklqana
Makhleb
Nemelex Xobeh
Okawaru
Trog
Uskayaw
Wu Jian
Xom
Zin
The Shining One
Lugonu

Shops:
D:7 [

Annotations:
D:7 Scypier's ghost, novice GnWn


Innate Abilities, Weirdness & Mutations

You can spit globs of acid.
Your golden yellow scales are hard. (AC +7)
You cannot fit into any form of body armour.
You are cold-blooded and may be slowed by cold attacks.
You are resistant to acid. (rCorr)


Message History

* * * LOW HITPOINT WARNING * * *
You feel sick. The killer bee stings you.
* * * LOW HITPOINT WARNING * * *
You are more poisoned.
The killer bee poisons you!
You feel sick. The killer bee barely misses you.
Your skin crawls.
You feel resistant to hostile enchantments.
You feel quite a bit more hungry.
You feel sick.
The killer bee stings you but does no damage.
The killer bee closely misses you.
You feel sick. The killer bee barely misses you.
You feel sick.
The killer bee stings you but does no damage.
You are starving!
You feel sick. You block the killer bee's attack.
You feel sick.
The killer bee stings you but does no damage.
You feel sick. The killer bee stings you!
You die...

### #.# ###### ##### #.#
#....# #...# #.###)##.# ###
###.#.# #.....##.# ).#
#.._..####.####.#.# #.#
#.#.#....y......#.# #.#
###...###.@y#####.#.#
#.#####....).(#)##.####.#.#
........##.##.#.........#.#
..................>######.#
######..##.##.#..#........#
...........##.#..##########
#######.#####.#....#
..............[..#.#
..............##.#.#


You could see 2 killer bees.

Vanquished Creatures
  Prince Ribbit (D:6)
  2 ice beasts (D:6)
  A sky beast (D:3)
  2 phantoms
  A centaur (D:6)
  3 bullfrogs (D:6)
  A scorpion (D:7)
  3 wights (D:6)
  A killer bee (D:7)
  4 howler monkeys
  A crimson imp (D:5)
  Crazy Yiuf (D:4)
  An orc priest (D:5)
  2 hounds
  A bullfrog skeleton (D:5)
  3 jellies
  3 iguanas
  4 worker ants
  A worker ant zombie (D:6)
  Robin (D:3)
  7 gnolls
  8 adders
  An adder skeleton (D:6)
  3 worms
  3 dart slugs
  6 leopard geckos
  14 orcs
  9 bats
  4 giant cockroaches
  15 goblins
  12 hobgoblins
  5 jackals
  A quokka (D:7)
  2 ball pythons
  7 frilled lizards
  2 jackal skeletons
  12 kobolds
  A leopard gecko skeleton (D:5)
  2 quokka skeletons
  A quokka zombie (D:5)
  4 rats
  2 demonic plants (Temple)
158 creatures vanquished.

Notes
Turn   | Place    | Note
-------+----------+-------------------------------------------
     0 | D:1      | dogaso222 the Draconian Berserker began the quest for the
                  | Orb.
     0 | D:1      | Reached XP level 1. HP: 19/19 MP: 1/1
   608 | D:1      | Reached XP level 2. HP: 26/26 MP: 2/2
  1555 | D:1      | Reached XP level 3. HP: 21/31 MP: 3/3
  2418 | D:2      | Reached skill level 4 in Axes
  2597 | D:2      | Found a hazy altar of Hepliaklqana.
  2674 | D:2      | Found a snail-covered altar of Cheibriados.
  2716 | D:2      | Reached ** piety under Trog
  3063 | D:2      | Reached XP level 4. HP: 19/40 MP: 4/4
  4414 | D:3      | Found a shadowy altar of Dithmenos.
  4537 | D:3      | Noticed Robin
  4561 | D:3      | Killed Robin
  5142 | D:4      | Reached skill level 5 in Axes
  5142 | D:4      | Reached XP level 5. HP: 13/46 MP: 5/5
  5371 | D:4      | Noticed a sky beast
  5395 | D:3      | Killed a sky beast
  5680 | D:4      | Reached XP level 6. HP: 41/52 MP: 6/6
  6065 | D:4      | Found a glowing golden altar of the Shining One.
  6160 | D:4      | Found a runed translucent door.
  6161 | D:4      | Noticed Crazy Yiuf
  6294 | D:4      | Killed Crazy Yiuf
  6294 | D:4      | Reached skill level 6 in Axes
  6589 | D:5      | Entered Level 5 of the Dungeon
  6594 | D:5      | Reached *** piety under Trog
  7848 | D:5      | Your scales start taking on a golden yellow colour.
  7848 | D:5      | Reached XP level 7. HP: 60/60 MP: 7/7
  7848 | D:5      | Gained mutation: You are resistant to acid. (rCorr) [Yellow
                  | Draconian growth]
  8089 | D:5      | Reached skill level 7 in Axes
  8523 | D:6      | Found a staircase to the Ecumenical Temple.
  8732 | D:6      | Reached skill level 8 in Axes
  8732 | D:6      | Reached skill level 1 in Shields
  8797 | Temple   | Entered the Ecumenical Temple
  8923 | D:6      | Found a white marble altar of Elyvilon.
  9054 | D:6      | Reached XP level 8. HP: 53/67 MP: 8/8
  9192 | D:6      | Reached skill level 5 in Fighting
  9441 | D:6      | Upgraded the game from 0.25-a0-425-g0e000e855e to
                  | 0.25-a0-435-g4b9beb1024
  9557 | D:6      | Noticed Prince Ribbit
  9625 | D:6      | Found a glowing silver altar of Zin.
  9680 | D:6      | Reached skill level 9 in Axes
 10040 | D:6      | Killed Prince Ribbit
 10265 | D:6      | Found a blossoming altar of Fedhas.
 10265 | D:6      | Found a shattered altar of Ashenzari.
 10413 | D:7      | Found Voeluvor's Antique Armour Boutique.
 10416 | D:7      | Bought a pair of glowing boots for 217 gold pieces
 10469 | D:7      | Noticed Scypier's ghost (novice GnWn)
 10490 | D:7      | Reached skill level 5 in Dodging
 10520 | D:7      | Noticed a two-headed ogre
 10548 | D:7      | Found a hide-covered altar of Uskayaw.
 10663 | D:7      | Found an iron altar of Okawaru.
 10676 | D:7      | Reached XP level 9. HP: 47/74 MP: 9/9
 10900 | D:7      | Reached skill level 10 in Axes
 10947 | D:7      | HP: 3/74 [poisoned by a killer bee]
 10952 | D:7      | HP: 3/74 [poisoned by a killer bee]
 10953 | D:7      | Slain by a killer bee

Levels and vault maps discovered:
D:1:      dpeg_arrival_tiny_c, layout_basic
D:2:      kennysheep_six_static_rooms, layout_basic, old_standard_altar,
          lemuel_round_altar, first_ration
D:3:      layout_basic, lemuel_round_altar, kennysheep_generic_room_3,
          uniq_robin
D:4:      layout_rooms, tso_altar, uniq_crazy_yiuf_cottage
D:5:      layout_basic, kennysheep_nondescript
D:6:      layout_gridville, overflow_temple_1_default, elyvilon_altar_3,
          gammafunk_temple_overflow_pools, minmay_temple_entry_sparse_star,
          uniq_prince_ribbit1
D:7:      layout_basic, lemuel_crystal_altar, lemuel_crystal_altar,
          hellmonk_ghost_happy_afterlife, serial_shops, nicolae_shop_stone,
          lemuel_mausoleum_altar_kikubaaqudgha
Temple:   corrupted_temple

Skill      XL: |  1  2  3  4  5  6  7  8  9 |
---------------+----------------------------+-----
Dodging        | 3 4 5 |  5.0
Axes           | 4 5 6 8 9 10 | 10.0
Fighting       | 4 5 |  5.4
Shields        | 1 2 3 |  3.0

Action                   |  1- 3 |  4- 6 |  7- 9 || total
-------------------------+-------+-------+-------++-------
Melee: Hand axe          |   141 |   201 |     4 ||   346
       Tailslap          |    16 |    24 |    30 ||    70
       War axe           |       |       |   233 ||   233
Invok: Berserk           |       |     4 |     3 ||     7
       Trog's Hand       |       |       |     7 ||     7
 Abil: Breathe Acid      |       |       |     2 ||     2
  Use: Scroll            |     1 |     5 |     3 ||     9
       Potion            |       |       |     1 ||     1
  Eat: Chunk             |     3 |    15 |    11 ||    29
       Ration            |     1 |     1 |     1 ||     3
Armor: Skin              |    60 |    55 |   100 ||   215
Dodge: Dodged            |   117 |   113 |   158 ||   388
Block: Buckler           |       |       |    43 ||    43

Table legend:
 A = Non-vault XP
 B = Vault XP
 C = Vault XP percentage of total XP
 D = Non-vault monster count
 E = Vault monster count
 F = Vault count percentage of total count
                 A         B        C        D         E       F
            +---------+---------+-------+---------+---------+-------
      Total |    2525 |     366 |  12.7 |     136 |      20 |  12.8
            +---------+---------+-------+---------+---------+-------
        D:1 |      47 |       0 |   0.0 |      25 |       0 |   0.0
        D:2 |      62 |      27 |  30.3 |      20 |       6 |  23.1
        D:3 |     144 |      36 |  20.0 |      10 |      12 |  54.5
        D:4 |      92 |      44 |  32.4 |       7 |       1 |  12.5
        D:5 |     499 |       0 |   0.0 |      30 |       0 |   0.0
        D:6 |    1328 |     259 |  16.3 |      32 |       1 |   3.0
        D:7 |     353 |       0 |   0.0 |      12 |       0 |   0.0
            +---------+---------+-------+---------+---------+-------
